 Dungeon Crawl Stone Soup version 0.30-a0-34-gbe8da3892a (webtiles) character file.

Game seed: 16758133200447029446

23 ytrimaz the Insei (level 3, 23/23 HPs)
             Began as an Octopode Transmuter on Aug 28, 2022.
             Was an Initiate of Ru.
             Quit the game on level 1 of the Dungeon.
             The game lasted 00:01:07 (1662 turns).

ytrimaz the Insei (Octopode Transmuter)             Turns: 1662, Time: 00:01:08

Health: 23/23      AC:  1    Str:  9    XL:     3   Next: 0%
Magic:  6/6        EV: 13    Int: 17    God:    Ru [......]
Gold:   73         SH:  0    Dex: 12    Spells: 5/6 levels left

rFire   . . .      SeeInvis .      - Unarmed
rCold   . . .      Faith    .    (no shield)
rNeg    . . .      Spirit   .    (helmet restricted)
rPois   .          Reflect  .    (no amulet)
rElec   .          Harm     .    (no ring)
rCorr   .          Rampage  .    (no ring)
Will    .....                    (no ring)
Stlth   ++........               (no ring)
HPRegen 0.07/turn                (no ring)
MPRegen 0.10/turn                (no ring)
                                 (no ring)
                                 (no ring)

@: no status effects
A: almost no armour, amphibious, 8 rings, camouflage 1, gelatinous body 1,
(nimble swimmer 1), tentacles
a: Renounce Religion, Sacrifice Nimbleness, Sacrifice Skill, Sacrifice Words,
Reject Sacrifices


You were on level 1 of the Dungeon.
You worshipped Ru.
Ru was noncommittal.
You visited 1 branch of the dungeon, and saw 1 of its levels.

You collected 73 gold pieces.

Inventory:

Scrolls
 b - a scroll of identify {unknown}
 c - a scroll of blinking {unknown}
 e - a scroll of teleportation {unknown}
Potions
 a - a potion of lignification
 d - 2 potions of flight {unknown}


   Skills:
 - Level 1.0 Fighting
 - Level 2.0 Dodging
 + Level 4.1 Unarmed Combat
 - Level 2.0 Spellcasting
 - Level 2.0 Transmutations


You had 5 spell levels left.
You knew the following spells:

 Your Spells              Type           Power      Damage    Failure   Level
a - Beastly Appendage     Tmut           16%        N/A       9%          1

Your spell library contained the following spells:

 Spells                   Type           Power      Damage    Failure   Level
 Wereblood                Tmut           8%         N/A       13%         2
 Spider Form              Tmut/Pois      5%         N/A       36%         3
 Ice Form                 Ice/Tmut       5%         N/A       77%         4


Dungeon Overview and Level Annotations

Branches:
Dungeon (1/15)

Altars:
Ru


Innate Abilities, Weirdness & Mutations

You cannot wear most types of armour.
You are amphibious.
You can wear up to eight rings at the same time.
Your skin changes colour to match your surroundings (Stealth+).
Your rubbery body absorbs attacks. (AC +1, EV +1)
((You are camouflaged when in or above water. (Stealth+)))
You have tentacles for arms and can constrict up to eight enemies at once.


Message History

An endoplasm comes into view.
An endoplasm is nearby!
The endoplasm hits you.
You tentacle-slap the endoplasm. You squeeze the endoplasm.
You kill the endoplasm!
You have reached level 3!
Your experience leads to an increase in your attributes!
Increase (S)trength, (I)ntelligence, or (D)exterity?
You feel clever. x2
Found a stone staircase leading down.
Done exploring.
Done exploring.
Done exploring.
Done exploring.
Search for what [? for help]? alt
There is an open door here.
There is a faded altar of an unknown god here.
You cannot tell which god this altar belongs to.
Convert to them anyway?
Okay, then.
Unknown command.
Press < or > to pray at altars.
You cannot tell which god this altar belongs to.
Convert to them anyway?
Ru accepts your prayer! Ru welcomes you!
Unknown command.
Press < or > to pray at altars.
Okay, then.
Okay, then.
There is an open door here.
There is an open door here.
You start waiting.
Ru believes you are ready to make a new sacrifice.
Ru asks you to sacrifice your Dodging skill.
This is an incredible sacrifice.
Piety after sacrifice: **....
Do you really want to make this sacrifice?
Okay, then.
Okay, then.
Okay, then.
Unknown command.
Are you sure you want to abandon this character and quit the game? (Confirm with "yes".)

##.##### ..#....# ##.###.#
#.# #.# #.# #.###### ####
#.# #.##...#######..# #.#
#.#....#.....#..## #.#
#.....#......#...# #.#
####..#.###@##.#.# #.#
#..#.#_...#.#.# #.#
#.#..######.#.# ##.#
#.#.........#.# ...####
#.#.......#.#.#
......###.####.####.#.#
#.........#8#..#.8#.#.######
###.#>###...#..'.8#........#
....#.# #...#..#.8#..#####.#


There were no monsters in sight!

Vanquished Creatures
  3 endoplasms (D:1)
  A giant cockroach (D:1)
  2 hobgoblins (D:1)
  A kobold (D:1)
  A quokka (D:1)
  4 ball pythons (D:1)
  3 bats (D:1)
  2 frilled lizards (D:1)
  4 rats (D:1)
21 creatures vanquished.

Notes
Turn   | Place    | Note
-------+----------+-------------------------------------------
     0 | D:1      | ytrimaz the Octopode Transmuter began the quest for the
                  | Orb.
     0 | D:1      | Reached XP level 1. HP: 13/13 MP: 3/3
   423 | D:1      | Reached XP level 2. HP: 15/18 MP: 5/5
  1313 | D:1      | Reached skill level 4 in Unarmed Combat
  1417 | D:1      | Found a faded altar of an unknown god.
  1495 | D:1      | Reached XP level 3. HP: 20/23 MP: 6/6
  1650 | D:1      | Prayed at the altar of an unknown god.
  1650 | D:1      | Became a worshipper of Ru the Awakened
  1662 | D:1      | Quit the game

Illustrated notes

Levels and vault maps discovered:
D:1:      dpeg_arrival_concentric_ovals, layout_loops_ring,
          shapermc_ecumenical_altar_mp_vishouse, minmay_pentomino_z2

Skill      XL: |  1  2 |
---------------+-------+-----
Unarmed Combat | 4 |  4.1
Fighting       | |  1.0
Dodging        | |  2.0
Spellcasting   | |  2.0
Transmutations | |  2.0

Action                   || total
-------------------------++-------
Melee: Unarmed           ||    35
       Tentacles         ||     8
       Constrict         ||     8
       Kick              ||     4
       Punch             ||     2
 Cast: Beastly Appendage ||    10
 Stab: Sleeping          ||     1
Armor: Skin              ||     8
Dodge: Dodged            ||    36

Table legend: (Time is in decaauts)
 A = Elapsed time spent in this place.
 B = Non-inter-level travel time spent in this place.
 C = Inter-level travel time spent in this place.
 D = Time resting spent in this place.
 E = Time spent auto-exploring this place.
 F = Levels seen in this place.
 G = Mean time per level.
                   A        B        C        D        E       F      G
               +--------+--------+--------+--------+--------+-----+--------+
         Total |   1659 |   1614 |     45 |    272 |   1202 |   1 | 1659.0 |
       Dungeon |   1659 |   1614 |     45 |    272 |   1202 |   1 | 1659.0 |
               +--------+--------+--------+--------+--------+-----+--------+

Top non-repeatable levels by time:
     D:1: 1659 daAuts
